 Dungeon Crawl Stone Soup version 0.28.0-45-g0d030f2227 (webtiles) character file.

Game seed: 1407583109819209604

31 101zpm the Magician (level 3, -1/25 HPs)
             Began as a Djinni Ice Elementalist on Apr 10, 2022.
             Slain by a hobgoblin (3 damage)
             ... on level 2 of the Dungeon.
             The game lasted 00:02:28 (1193 turns).

101zpm the Magician (Djinni Ice Elementalist)       Turns: 1193, Time: 00:02:29

Health: -1/25      AC:  2    Str:  7    XL:     3   Next: 40%
Gold:   55         EV: 12    Int: 18    God:
                   SH:  0    Dex: 13

rFire   + + .      SeeInvis .   (no weapon)
rCold   x . .      Faith    .   (no shield)
rNeg    . . .      Spirit   .   a - +0 robe
rPois   ∞          Reflect  .   (no helmet)
rElec   .          Harm     .   (no cloak)
rCorr   .          Rampage  .   (no gloves)
Will    .....                   (boots unavailable)
Stlth   ++........              (no amulet)
HPRegen 0.08/turn               (no ring)
MPRegen 0.00/turn               (no ring)

@: flying, very slightly contaminated
A: sickness immunity, fire resistance 2, cold vulnerability 1, float, innate
caster, HP casting, extra vitality 1
a: no special abilities


You were on level 2 of the Dungeon.
You visited 1 branch of the dungeon, and saw 2 of its levels.

You collected 55 gold pieces.

Inventory:

Armour
 a - a +0 robe (worn)
Scrolls
 b - a scroll of amnesia {unknown}
 e - a scroll of enchant weapon {unknown}
 f - a scroll of teleportation {unknown}
 g - a scroll of identify {unknown}
Potions
 c - a potion of heal wounds {unknown}
 d - a potion of cancellation {unknown}


   Skills:
 + Level 2.6 Dodging
 + Level 1.7 Stealth
 + Level 0.3 Unarmed Combat
 + Level 3.7 Spellcasting


You couldn't memorise any spells.
You knew the following spells:

 Your Spells              Type           Power      Damage    Failure   Level
a - Freeze                Ice            68%        1d8       3%          1
b - Frozen Ramparts       Ice            34%        1d5       10%         3
c - Ozocubu's Armour      Ice            17%        N/A       10%         3
d - Hailstorm             Conj/Ice       17%        3d6       32%         4
e - Animate Skeleton      Necr           34%        N/A       3%          1
Your spell library was empty.

Dungeon Overview and Level Annotations

Branches:
Dungeon (2/15)

Altars:
Zin


Innate Abilities, Weirdness & Mutations

You are immune to sickness and miasma.
You are immune to poison.
Your flesh is very heat resistant. (rF++)
You are vulnerable to cold. (rC-)
You float through the air rather than walking.
You learn spells naturally, not from books.
Your magical power is your life essence.
You have superior vitality. (+4 MHP)


Message History

Aim: an adder (moderately wounded, slow)
You freeze the adder.
The adder is heavily wounded.
The adder bites you.
Aiming: Freeze (safe; 3% risk of failure)
Press: ? - help, Q - select action, (/) - cycle Shift-Dir - straight line, f/p - adder
Aim: an adder (heavily wounded, slow)
You freeze the adder.
You kill the adder!
The frilled lizard closely misses you.
Aiming: Freeze (safe; 3% risk of failure)
Press: ? - help, Q - select action, (/) - cycle Shift-Dir - straight line, f - frilled lizard
Aim: a frilled lizard You freeze the frilled lizard.
The frilled lizard is heavily wounded.
The frilled lizard seems to slow down.
* * * LOW HITPOINT WARNING * * *
Aiming: Freeze (safe; 3% risk of failure)
Press: ? - help, Q - select action, (/) - cycle Shift-Dir - straight line, f/p - frilled lizard
Aim: a frilled lizard (heavily wounded, slow)
You freeze the frilled lizard.
You kill the frilled lizard!
* * * LOW HITPOINT WARNING * * *
Aiming: Freeze (safe; 3% risk of failure)
Press: ? - help, Q - select action, (/) - cycle Shift-Dir - straight line, f - hobgoblin
Aim: a hobgoblin You freeze the hobgoblin.
The hobgoblin is almost dead.
* * * LOW HITPOINT WARNING * * *
The rat bites you.
* * * LOW HITPOINT WARNING * * *
Aiming: Freeze (safe; 3% risk of failure)
Press: ? - help, Q - select action, (/) - cycle Shift-Dir - straight line, f/p - hobgoblin
Aim: a hobgoblin (almost dead)
You miscast Freeze.
You are very lightly contaminated with residual magic.
Nothing appears to happen.
* * * LOW HITPOINT WARNING * * *
The hobgoblin hits you.
You die...

#....####
#...)#...
#......#
##......#
##.......#
#...._.....
##.......##
########g........
.......@r....##.#
..............?..
...........#####
...........#
.............
..............
...............
...............


You could see a hobgoblin and a rat.

Vanquished Creatures
  An adder (D:2)
  4 endoplasms (D:1)
  2 giant cockroaches (D:1)
  A goblin (D:1)
  A hobgoblin (D:1)
  A ball python (D:1)
  A bat (D:1)
  3 frilled lizards
  6 kobolds (D:1)
  2 rats (D:1)
22 creatures vanquished.

Vanquished Creatures (others)
  5 toadstools (D:1)
5 creatures vanquished.

Grand Total: 27 creatures vanquished

Notes
Turn   | Place    | Note
-------+----------+-------------------------------------------
     0 | D:1      | 101zpm the Djinni Ice Elementalist began the quest for the
                  | Orb.
     0 | D:1      | Reached XP level 1. HP: 15/15 MP: 0/0
   475 | D:1      | Reached XP level 2. HP: 20/21 MP: 0/0
   662 | D:1      | Found a faded altar of an unknown god.
  1156 | D:1      | Reached XP level 3. HP: 19/25 MP: 0/0
  1156 | D:1      | Learned a level 1 spell: Animate Skeleton
  1179 | D:2      | Found a glowing silver altar of Zin.
  1193 | D:2      | Slain by a hobgoblin

Illustrated notes

Levels and vault maps discovered:
D:1:      ldierk_walled_garden, layout_rooms,
          hellmonk_ecumenical_altar_lost_god, minmay_pentomino_w4
D:2:      layout_rooms, basic_altar, amethyst_killhole

Action                   || total
-------------------------++-------
Melee: Unarmed           ||     8
 Cast: Freeze            ||    40
 Stab: Sleeping          ||     1
Armor: Robe              ||    11
Dodge: Dodged            ||    34
